[Event "Team 45 45 League T28"]
[Site "Internet Chess Club"]
[Date "2005.10.03"]
[Round "3"]
[White "Lyko"]
[Black "Irvin"]
[Result "0-1"]
[WhiteElo "1480"]
[BlackElo "1807"]
[TimeControl "2700+45"]

1. e4 c5 2. c3 Nf6 3. e5 Nd5 4. d4 cxd4 5. cxd4 d6 6. f4 e6 7. Nf3 dxe5 8. fxe5
Bd7 9. Bd3 Bb4+ 10. Bd2 Nc6 11. a3 Bxd2+ 12. Qxd2 Qb6 13. Qf2 Ne3 14. Ng5 Nf5
15. Bxf5 exf5 16. Nf3 Be6 17. O-O O-O-O 18. Nc3 Nxd4 19. Nxd4 Qxd4 20. Qxd4 Rxd4
21. Nb5 Rd5 22. Nd6+ Kb8 23. Rfe1 Rd8 24. Rad1 Rxd1 25. Rxd1 Rd7 26. Rc1 a6 27.
Rc8+ Ka7 28. Rh8 h6 29. Rf8 Kb6 30. Nc8+ Kc5 31. Nd6 Kd5 32. Rb8 Kxe5 33. Nxb7
Rd1+ 34. Kf2 Rd2+ 35. Ke3 Rxb2 {White resigns} 0-1

[Event "Team 45 45 League T28"]
[Site "Internet Chess Club"]
[Date "2005.10.01"]
[Round "3"]
[White "Smart"]
[Black "bonecore"]
[Result "1-0"]
[WhiteElo "1539"]
[BlackElo "1394"]
[TimeControl "2700+45"]

1. Nf3 d5 2. g3 c5 3. Bg2 Nc6 4. d3 e6 5. O-O Nf6 6. Nbd2 g6 7. Re1 Bg7 8. c3
O-O 9. e4 d4 10. cxd4 cxd4 11. h3 Nd7 12. Nf1 b6 13. N1h2 Qc7 14. Ng4 Ba6 15. h4
Rac8 16. Bh6 Nb4 17. Bxg7 Kxg7 18. Qd2 Nc5 19. Qh6+ Kg8 20. Nf6+ Kh8 21. Qxh7#
{Black checkmated} 1-0

[Event "Team 45 45 League T28"]
[Site "Internet Chess Club"]
[Date "2005.10.02"]
[Round "3"]
[White "UneasyKing"]
[Black "wojozim"]
[Result "1-0"]
[WhiteElo "1481"]
[BlackElo "1509"]
[TimeControl "2700+45"]

1. e4 c5 2. d4 cxd4 3. c3 dxc3 4. Nxc3 Nc6 5. Bc4 e6 6. Nf3 Nf6 7. Bg5 Be7 8.
O-O O-O 9. a3 a6 10. Qd2 b5 11. Bb3 Bb7 12. Rae1 Rc8 13. Re2 Na5 14. Ba2 Re8 15.
Ne5 d6 16. Nd3 h6 17. Bh4 Nxe4 18. Bxe7 Nxd2 19. Bxd8 Nxf1 20. Bxa5 Nxh2 21.
Kxh2 Rc6 22. Nf4 Rc5 23. Bb4 Rf5 24. Bxd6 e5 25. Nfd5 Rg5 26. Ne4 Rg4 27. Ndf6+
gxf6 28. Nxf6+ Kh8 29. Nxg4 Rg8 30. Bxe5+ {Black resigns} 1-0

[Event "Team 45 45 League T28"]
[Site "Internet Chess Club"]
[Date "2005.10.02"]
[Round "3"]
[White "fibin"]
[Black "houseofcook"]
[Result "1-0"]
[WhiteElo "1539"]
[BlackElo "1326"]
[TimeControl "2700+45"]

1. Nf3 Nf6 2. g3 g6 3. Bg2 Bg7 4. O-O O-O 5. d3 d6 6. e4 e5 7. Nbd2 Bg4 8. h3
Bd7 9. Re1 Qc8 10. Kh2 Nc6 11. Rh1 Re8 12. Kg1 d5 13. Qf1 d4 14. h4 h6 15. Bh3
Ng4 16. Bxg4 Bxg4 17. Qg2 Re6 18. Nh2 Rf6 19. Nxg4 Qxg4 20. f3 Qd7 21. g4 Re6
22. Nf1 Nb4 23. a3 Qa4 24. b3 Qa6 25. Bb2 Nc6 26. h5 g5 27. Ng3 Ne7 28. a4 c5
29. Ba3 b6 30. Rf1 Rc8 31. Nf5 Nxf5 32. gxf5 Ree8 33. Bc1 f6 34. Kh2 b5 35. Bxg5
fxg5 36. f6 Bxf6 37. f4 Kh7 38. fxg5 Bxg5 39. Rf7+ Kg8 40. Rf3 Rf8 41. Rg3 Qf6
42. axb5 Kf7 43. Rf1 Bf4 44. Kh1 Ke8 45. Qh3 Qe7 46. Qxc8+ Qd8 47. Qxd8+ Kxd8
48. Rg6 Rf7 49. Rfg1 Bg5 50. Rg8+ Ke7 51. Rg2 Ke6 52. R8xg5 hxg5 53. Rxg5 Rf6
54. Kg2 Kd6 55. Kg3 Re6 56. Kg4 Kc7 57. Rg6 Re8 58. h6 a6 59. bxa6 Kb8 60. h7
Ka7 61. Rg8 {Black resigns} 1-0

[Event "Team 45 45 League T28"]
[Site "Internet Chess Club"]
[Date "2005.09.30"]
[Round "3"]
[White "mjallen"]
[Black "Knight-Rookie"]
[Result "0-1"]
[WhiteElo "1340"]
[BlackElo "1339"]
[TimeControl "2700+45"]

1. d4 d5 2. c4 Nf6 3. Nc3 dxc4 4. e4 Bg4 5. Nf3 e6 6. Bg5 Be7 7. Bxf6 Bxf6 8. e5
Be7 9. Bxc4 Nc6 10. d5 Nxe5 11. dxe6 Qxd1+ 12. Rxd1 Nxc4 13. Rd4 Bxe6 14. b3 Na3
15. O-O O-O 16. Nd5 Bxd5 17. Rxd5 Rad8 18. Rxd8 Rxd8 19. g4 Nb5 20. Re1 Kf8 21.
a4 Nc3 22. Kg2 a5 23. Re3 Nd5 24. Re4 h6 25. Ne5 g5 26. Kf3 Bd6 27. Nc4 b6 28.
Nxd6 Rxd6 29. Rc4 c5 30. Re4 Nf4 31. h4 Rd3+ 32. Re3 Rxe3+ 33. fxe3 Nd3 34. hxg5
hxg5 35. Ke4 Nc1 36. Kd5 Nxb3 37. Kc4 Nd2+ 38. Kd3 Nf1 39. Ke4 Ke7 {White
resigns} 0-1

[Event "Team 45 45 League T28"]
[Site "Internet Chess Club"]
[Date "2005.09.30"]
[Round "3"]
[White "jientho"]
[Black "mwm913"]
[Result "1-0"]
[WhiteElo "1330"]
[BlackElo "1191"]
[TimeControl "2700+45"]

1. e4 e5 2. Nf3 Nc6 3. Bc4 Nf6 4. Ng5 d5 5. exd5 Nxd5 6. Nxf7 Kxf7 7. Qf3+ Ke6
8. Nc3 Nd4 9. Qxd5+ Qxd5 10. Bxd5+ Kd6 11. Be4 c6 12. d3 Nxc2+ 13. Kd1 Nxa1 14.
Be3 Be6 15. Kd2 Nb3+ 16. axb3 Bxb3 17. f4 Be7 18. fxe5+ Kxe5 19. d4+ Ke6 20. g4
g6 21. Bd3 Rad8 22. Re1 Bh4 23. Bf2+ Kf7 24. Bxh4 Rd7 25. Rf1+ Ke6 26. Rf6+ Ke7
27. Rxc6+ Kf7 28. Rf6+ Kg7 29. Rf2 Kh6 30. g5+ Kg7 31. Bg3 Rhd8 32. Be5+ Kg8 33.
Ne4 Re7 34. Bf6 Rxd4 35. Bxd4 Re8 36. Nf6+ {Black resigns} 1-0

[Event "Team 45 45 League T28"]
[Site "Internet Chess Club"]
[Date "2005.10.02"]
[Round "3"]
[White "NineMilly"]
[Black "hotzoddy"]
[Result "0-1"]
[WhiteElo "1204"]
[BlackElo "1321"]
[TimeControl "2700+45"]

1. d4 Nf6 2. c4 d5 3. cxd5 Nxd5 4. e4 Nb6 5. Nc3 e6 6. a3 c6 7. Nf3 Be7 8. e5
O-O 9. g3 Nd5 10. Qd3 Nd7 11. Bg2 b6 12. O-O Bb7 13. Ne4 f6 14. exf6 N7xf6 15.
Ne5 Nxe4 16. Bxe4 Nf6 17. Bf4 Nxe4 18. Qxe4 Rc8 19. Rac1 Bf6 20. Nxc6 Bxc6 21.
Rxc6 Rxc6 22. Qxc6 Re8 23. Be3 Kf7 24. Rd1 e5 25. d5 e4 26. b4 Be5 27. Qb7+ Re7
28. Qc6 Rd7 29. a4 Rd6 30. Qb7+ Rd7 31. Qc6 Bd6 32. Qc4 Re7 33. Rd4 Qd7 34. Rxe4
Rxe4 35. Qxe4 Qxa4 36. Qxh7 Qd1+ 37. Kg2 Qxd5+ 38. Kf1 Bxb4 39. h4 Qh1+ 40. Ke2
Qe1+ 41. Kf3 Qh1+ 42. Ke2 Qe1+ 43. Kf3 Qd1+ 44. Kg2 Qd5+ 45. Kh3 Bc5 46. Qb1
Bxe3 47. fxe3 Qe6+ 48. Kh2 Qxe3 49. Qf1+ Ke7 50. Qa6 Qf2+ 51. Kh3 Qf5+ 52. Kh2
Qc2+ 53. Kh3 Qc7 54. Kg4 Qd7+ 55. Kg5 b5 56. Qa3+ Kf7 57. Qf3+ Kg8 58. Qa8+ Kf7
59. Qf3+ Kg8 60. Qa8+ Kf7 61. Qf3+ Ke8 62. Qe4+ Qe7+ 63. Qxe7+ Kxe7 64. Kg6 b4
65. Kxg7 b3 66. h5 b2 67. h6 b1=Q 68. h7 Qb2+ 69. Kg8 Qb3+ 70. Kg7 Qxg3+ 71. Kh6
Qh3+ 72. Kg7 Qxh7+ 73. Kxh7 a5 74. Kg6 a4 75. Kf5 a3 76. Ke4 a2 77. Kd3 a1=Q 78.
Kc2 Qa3 79. Kd2 Ke6 80. Ke2 Ke5 81. Kf2 Ke4 82. Kg2 Kf4 83. Kh1 Kg3 {White
resigns} 0-1

[Event "Team 45 45 League T28"]
[Site "Internet Chess Club"]
[Date "2005.10.01"]
[Round "3"]
[White "slakkjaw"]
[Black "PocketChange"]
[Result "1-0"]
[WhiteElo "1224"]
[BlackElo "1190"]
[TimeControl "2700+45"]

1. e4 e5 2. Nf3 Nc6 3. Bb5 a6 4. Bxc6 dxc6 5. Nc3 Nf6 6. Nxe5 Nxe4 7. Nxe4 Qd5
8. O-O Qxe5 9. Re1 Be7 10. d4 Qd5 11. b3 O-O 12. Bf4 Bd6 13. c4 Qe6 14. Nxd6 Qg4
15. Qxg4 Bxg4 16. Nxb7 Ra7 17. Na5 Bd7 18. Re7 Re8 19. Rxd7 Raa8 20. Nxc6 Re2
21. Rd8+ Rxd8 22. Nxd8 Re4 23. Bxc7 Rxd4 24. Re1 f6 25. Re8# {Black checkmated}
1-0

[Event "Team 45 45 League T28"]
[Site "Internet Chess Club"]
[Date "2005.10.01"]
[Round "3"]
[White "G11825"]
[Black "kevinfons"]
[Result "0-1"]
[WhiteElo "1284"]
[BlackElo "1458"]
[TimeControl "2700+45"]

1. e4 c5 2. Nf3 Nc6 3. Bb5 e6 4. Nc3 a6 5. Bc4 b5 6. Be2 d6 7. d4 cxd4 8. Nxd4
Bb7 9. O-O e5 10. Nxc6 Bxc6 11. Be3 Nf6 12. Bf3 Be7 13. Re1 O-O 14. Qd2 Rc8 15.
Rad1 b4 16. Ne2 a5 17. Ng3 h6 18. Bxh6 gxh6 19. Qxh6 Nh7 20. Nf5 Bf6 21. Rxd6
Bd7 22. Red1 Rc7 23. g4 Re8 24. Be2 Re6 25. Bc4 Rxd6 26. Nxd6 Rxc4 27. Nxc4 Bg7
28. Qd6 Qc8 29. Nxe5 Bxe5 30. Qxd7 Qxd7 31. Rxd7 Bxb2 32. Ra7 Nf6 33. Rxa5 Nxe4
34. Ra4 Ba3 35. Ra8+ Kg7 36. Rc8 Nc3 37. f4 Nxa2 38. Kf2 Nc3 39. Ke3 Bc1+ 40.
Kf3 Bb2 41. h4 Nd5 42. Ke4 Nf6+ 43. Kf5 Bc3 44. g5 Nd5 45. h5 Ne7+ 46. Kg4 Nxc8
47. Kf5 Ne7+ 48. Ke4 Nc6 49. f5 Nd4 50. f6+ Kg8 51. g6 fxg6 52. hxg6 Nxc2 53.
Kf5 Bxf6 54. Kxf6 b3 55. g7 b2 56. Kg6 b1=Q 57. Kf6 Qb7 58. Ke6 Qxg7 59. Kf5 Qe7
60. Kg6 Qf8 61. Kg5 Ne3 62. Kh5 Qg7 63. Kh4 Qg4# {White checkmated} 0-1

[Event "Team 45 45 League T28"]
[Site "Internet Chess Club"]
[Date "2005.10.02"]
[Round "3"]
[White "Manimal007"]
[Black "PaleMorningDun"]
[Result "0-1"]
[WhiteElo "1276"]
[BlackElo "1297"]
[TimeControl "2700+45"]

1. Nf3 Nf6 2. g3 d5 3. Bg2 Bf5 4. d4 e6 5. O-O h6 6. Nc3 Be7 7. Bf4 Bd6 8. Bxd6
Qxd6 9. Nh4 Bh7 10. Qd2 Nbd7 11. Rfe1 c5 12. dxc5 Nxc5 13. Nb5 Qb6 14. Nd4 O-O
15. c3 e5 16. Ndf5 Nce4 17. Bxe4 Nxe4 18. Qe3 Qf6 19. Qf3 g5 {White resigns} 0-1

[Event "Team 45 45 League T28"]
[Site "Internet Chess Club"]
[Date "2005.09.29"]
[Round "3"]
[White "Mutaant"]
[Black "Schach-Prinz"]
[Result "0-1"]
[WhiteElo "1274"]
[BlackElo "1310"]
[TimeControl "2700+45"]

1. e4 e5 2. Nf3 Nc6 3. Bb5 Qf6 4. d3 Bc5 5. Bg5 Qg6 6. g3 Nd4 7. Nxd4 Qxg5 8.
Nf3 Qf6 9. Nc3 c6 10. Bc4 d6 11. h3 a5 12. a3 a4 13. Qe2 Be6 14. Nd2 b5 15. Ba2
Bxa2 16. Nxa2 Ne7 17. f3 O-O 18. O-O-O Qe6 19. Kb1 Rab8 20. c3 d5 21. Nb4 Ra8
22. f4 f5 23. fxe5 Qxe5 24. d4 Bxd4 25. cxd4 Qxd4 26. exf5 Nxf5 27. Qe6+ Kh8 28.
g4 Ne3 29. Nxc6 Qd3+ 30. Ka2 Nxd1 31. Rxd1 Qc2 32. Qxd5 Qxd1 33. Qg2 Qc2 34. Nb4
Qd1 35. Nd5 Rad8 36. Nc3 Qc2 37. Qc6 Qxd2 38. Qxb5 Rb8 {White resigns} 0-1

[Event "Team 45 45 League T28"]
[Site "Internet Chess Club"]
[Date "2005.09.30"]
[Round "3"]
[White "Tom45"]
[Black "Leftorium"]
[Result "0-1"]
[WhiteElo "1085"]
[BlackElo "1174"]
[TimeControl "2700+45"]

1. e4 e5 2. Nf3 Nc6 3. Nc3 Nf6 4. Bc4 Bc5 5. O-O O-O 6. d3 d6 7. Bg5 h6 8. Bxf6
Qxf6 9. Nd5 Qd8 10. a3 Na5 11. b4 Nxc4 12. dxc4 Bb6 13. Nxb6 axb6 14. Qe2 Be6
15. Rfd1 Qf6 16. c5 bxc5 17. bxc5 dxc5 18. c4 Rfd8 19. Rxd8+ Rxd8 20. a4 b6 21.
a5 Ra8 22. a6 Bg4 23. h3 Bxf3 24. gxf3 Qg5+ 25. Kh2 Ra7 26. Rg1 Qf4+ 27. Kh1
Rxa6 28. Qd3 Ra2 29. Qd8+ Kh7 30. Qf8 Qxf3+ 31. Kh2 Rxf2+ 32. Rg2 Qxg2# {White
checkmated} 0-1

[Event "Team 45 45 League T28"]
[Site "Internet Chess Club"]
[Date "2005.10.02"]
[Round "3"]
[White "C-Jones"]
[Black "martineden"]
[Result "1-0"]
[WhiteElo "1671"]
[BlackElo "1674"]
[TimeControl "2700+45"]

1. e4 e5 2. Nf3 Nc6 3. Bb5 a6 4. Ba4 Nf6 5. O-O b5 6. Bb3 Bc5 7. Re1 d6 8. c3
Bg4 9. h3 Bh5 10. d3 O-O 11. Bg5 h6 12. Bh4 g5 13. Bg3 Kg7 14. Nbd2 Bg6 15. Bc2
Nh5 16. Nb3 Bb6 17. Bh2 Bxf2+ 18. Kxf2 f5 19. exf5 Bxf5 20. Kg1 Nf4 21. Bxf4
exf4 22. Nbd4 Bd7 23. Nxc6 Bxc6 24. Qe2 Re8 25. Qf2 Qf6 26. Qd4 h5 27. Qxf6+
Kxf6 28. Kf2 Bd7 29. Rxe8 Rxe8 30. Re1 Rxe1 31. Nxe1 g4 32. hxg4 hxg4 33. d4 c5
34. dxc5 dxc5 35. Be4 c4 36. Bb7 a5 37. Nc2 Ke5 38. Nd4 Kd6 39. Be4 Ke5 40. Bb7
Kd6 41. g3 f3 42. Nxf3 gxf3 43. Kxf3 Bc6+ 44. Bxc6 Kxc6 45. Kf4 b4 46. g4 a4 47.
cxb4 a3 48. b3 c3 49. Ke3 {Black resigns} 1-0

[Event "Team 45 45 League T28"]
[Site "Internet Chess Club"]
[Date "2005.10.02"]
[Round "3"]
[White "EquesQuartus"]
[Black "Fegary"]
[Result "0-1"]
[WhiteElo "1587"]
[BlackElo "1668"]
[TimeControl "2700+45"]

1. Nf3 d6 2. d4 Nf6 3. Nc3 g6 4. e4 Bg7 5. h3 c6 6. Be3 b5 7. e5 dxe5 8. dxe5
Qxd1+ 9. Rxd1 Nfd7 10. Bf4 Nc5 11. Be2 b4 12. Nb1 O-O 13. Nbd2 a5 14. Nc4 Nbd7
15. O-O a4 16. a3 Ne6 17. Be3 c5 18. axb4 cxb4 19. Nb6 Nxb6 20. Bxb6 a3 21. bxa3
bxa3 22. Rfe1 Nf4 23. Bc5 Nxe2+ 24. Rxe2 Re8 25. Nd4 a2 26. Ra1 Ba6 27. Ree1 Bc4
28. f4 f6 29. Nb3 Kf7 30. Bd4 Red8 31. Kf2 Bxb3 {White resigns} 0-1

[Event "Team 45 45 League T28"]
[Site "Internet Chess Club"]
[Date "2005.09.30"]
[Round "3"]
[White "PostMike"]
[Black "tryanything"]
[Result "1-0"]
[WhiteElo "1623"]
[BlackElo "1540"]
[TimeControl "2700+45"]

1. e4 e5 2. Nf3 Nc6 3. Bc4 Nf6 4. Ng5 d5 5. exd5 Na5 6. d3 Nxc4 7. dxc4 h6 8.
Nf3 Bd6 9. h3 Bf5 10. O-O O-O 11. Be3 b6 12. Nc3 Re8 13. a3 Qd7 14. Nb5 a6 15.
Nxd6 Qxd6 16. b4 Nd7 17. Qe2 c5 18. bxc5 Nxc5 19. Bxc5 Qxc5 20. Rfc1 Rac8 21.
Nd2 e4 22. Qe3 b5 23. cxb5 Qxb5 24. c4 Qc5 25. Rab1 Bh7 26. Rb7 f5 27. Rcb1 f4
28. Qxc5 Rxc5 29. Rb8 Rcc8 30. Rxc8 Rxc8 31. Rb4 e3 32. fxe3 fxe3 33. Nf3 Bd3
34. Ne5 Bc2 35. d6 e2 36. Nf3 Re8 37. d7 e1=Q+ 38. Nxe1 Rxe1+ 39. Kf2 Rd1 40.
Rb8+ Kf7 41. d8=Q Rxd8 42. Rxd8 Ke7 43. Ra8 Bb3 44. Rxa6 Bxc4 45. Ra7+ Kf6 46.
a4 {Black resigns} 1-0

[Event "Team 45 45 League T28"]
[Site "Internet Chess Club"]
[Date "2005.10.03"]
[Round "3"]
[White "GoIrish"]
[Black "badger80"]
[Result "1/2-1/2"]
[WhiteElo "1586"]
[BlackElo "1619"]
[TimeControl "2700+45"]

1. Nf3 d5 2. g3 c5 3. Bg2 Nc6 4. O-O e5 5. d3 Nf6 6. Nbd2 Be7 7. e4 O-O 8. Qe1
d4 9. Nc4 Nd7 10. a4 f5 11. exf5 Rxf5 12. g4 Rf8 13. Ncxe5 Ndxe5 14. Nxe5 Nxe5
15. Qxe5 Bxg4 16. Bxb7 Rb8 17. Qd5+ Kh8 18. Qxd8 Bxd8 19. Bg2 Bh4 20. f3 Bh5 21.
b3 Rbe8 22. Ba3 Rf5 23. b4 cxb4 24. Bxb4 Re2 {Game drawn by mutual agreement}
1/2-1/2

[Event "Team 45 45 League T28"]
[Site "Internet Chess Club"]
[Date "2005.10.02"]
[Round "3"]
[White "charles-allen"]
[Black "bmw2002"]
[Result "0-1"]
[WhiteElo "1566"]
[BlackElo "1582"]
[TimeControl "2700+45"]

1. e4 c6 2. d4 d5 3. Nc3 dxe4 4. f3 exf3 5. Nxf3 Nf6 6. Bc4 Bf5 7. O-O e6 8. Bg5
Be7 9. Qd2 O-O 10. Rae1 Bb4 11. Qe2 Qa5 12. Bxf6 gxf6 13. Nh4 Bxc3 14. bxc3 Qxc3
15. Rxf5 Qxd4+ 16. Kh1 exf5 17. Nxf5 Qf4 18. Qh5 Qxc4 19. Nh6+ Kh8 20. Qf5 Qh4
21. Nxf7+ Rxf7 22. Qc8+ Kg7 23. Re8 Kh6 24. Qe6 Qh5 25. Qe3+ Qg5 26. Qh3+ Qh5
27. Qe3+ Qg5 28. Qh3+ Kg7 29. Re3 Rd7 30. Qf3 Qxe3 {White resigns} 0-1

[Event "Team 45 45 League T28"]
[Site "Internet Chess Club"]
[Date "2005.09.30"]
[Round "3"]
[White "fredd"]
[Black "BraafPaard"]
[Result "0-1"]
[WhiteElo "1551"]
[BlackElo "1528"]
[TimeControl "2700+45"]

1. e4 d5 2. Nc3 d4 3. Nd5 c6 4. Nf4 e5 5. Nfe2 Nf6 6. Ng3 Be6 7. Nf3 Nbd7 8. d3
Qb6 9. Be2 Bb4+ 10. Nd2 O-O 11. O-O Bxd2 12. Qxd2 Rae8 13. Nh5 Nxh5 14. Bxh5 Nf6
15. Be2 Bg4 16. h3 Bc8 17. f4 exf4 18. Rxf4 Nxe4 19. dxe4 d3+ 20. Qe3 Qxe3+ 21.
Bxe3 dxe2 22. Bc5 Rd8 23. Re1 Rd1 24. Kf2 Rxe1 25. Kxe1 Re8 26. Kxe2 b6 27. Bf2
c5 28. Kd3 Bb7 29. c4 g5 30. Rg4 f6 31. Rg3 Bxe4+ 32. Kc3 h5 33. h4 g4 34. Rf3
gxf3 {White resigns} 0-1

[Event "Team 45 45 League T28"]
[Site "Internet Chess Club"]
[Date "2005.10.01"]
[Round "3"]
[White "alaskauk"]
[Black "SpeedBlade"]
[Result "1/2-1/2"]
[WhiteElo "1454"]
[BlackElo "1494"]
[TimeControl "2700+45"]

1. e4 d5 2. exd5 Qxd5 3. Nc3 Qa5 4. Nf3 Nf6 5. Be2 c6 6. b3 Bg4 7. Bb2 e6 8. O-O
Ba3 9. Rb1 Bxb2 10. Rxb2 Nbd7 11. Re1 O-O 12. Nh4 Bxe2 13. Qxe2 Rad8 14. Nf3 Qa3
15. Rbb1 Qd6 16. h3 h6 17. Ne4 Nxe4 18. Qxe4 Nf6 19. Qe2 Nd7 {Game drawn by
mutual agreement} 1/2-1/2

[Event "Team 45 45 League T28"]
[Site "Internet Chess Club"]
[Date "2005.10.04"]
[Round "3"]
[White "Prop"]
[Black "Tomate"]
[Result "0-1"]
[WhiteElo "1301"]
[BlackElo "1404"]
[TimeControl "2700+45"]

1. e4 e5 2. Nf3 f5 3. Nc3 fxe4 4. Nxe4 d5 5. Nc3 e4 6. Nd4 Nf6 7. d3 c5 8. Nb3
Be7 9. Be2 O-O 10. O-O Nc6 11. dxe4 d4 12. Nd5 Nxe4 13. Nxe7+ Qxe7 14. Bf3 Ng5
15. Bxg5 Qxg5 16. Re1 Ne5 17. Nd2 Nxf3+ 18. Nxf3 Qg6 19. Ne5 Qg5 20. h3 Bxh3 21.
g3 Rae8 22. Nf3 Rxe1+ 23. Qxe1 Qh5 24. Nh4 Re8 25. Qd1 Qd5 26. Kh2 Bd7 27. a4
Re4 28. Qf3 Rxh4+ 29. Kg2 Bh3+ {White resigns} 0-1

[Event "Team 45 45 League T28"]
[Site "Internet Chess Club"]
[Date "2005.10.03"]
[Round "3"]
[White "nona"]
[Black "EyeAm"]
[Result "0-1"]
[WhiteElo "1516"]
[BlackElo "1383"]
[TimeControl "2700+45"]

1. e4 e5 2. Nf3 Nf6 3. Bc4 Nxe4 4. O-O d5 5. Bb3 Be7 6. d3 Nf6 7. Nxe5 O-O 8.
Nd2 Nbd7 9. Ndf3 Nc5 10. c3 Nxb3 11. Qxb3 c6 12. d4 Ng4 13. Bf4 Nxe5 14. Bxe5 b5
15. Qc2 Bg4 16. Qd3 Bxf3 17. Qxf3 Bd6 18. Rae1 Bxe5 19. Rxe5 Qd7 20. Qg3 Rae8
21. Rfe1 Re6 22. Rxe6 fxe6 23. Qe5 Rf6 24. g3 Kf7 25. Qh5+ Kg8 26. Qe5 Kf7 27.
f4 Rf5 28. Qe2 g6 29. Qg2 Qe8 30. Qh3 Qg8 31. Qg4 h5 32. Qh3 Qg7 33. Qh4 Qf6 34.
Qh3 Qg7 35. Qh4 Qf6 36. Qxf6+ Kxf6 37. Re5 Rxe5 38. fxe5+ Kf5 39. Kf2 Ke4 40.
Ke2 a5 41. h3 g5 42. b3 h4 43. gxh4 gxh4 44. a3 Kf4 45. Kf2 Ke4 46. a4 bxa4 47.
bxa4 Kd3 48. Kf3 Kxc3 49. Kg4 Kxd4 50. Kxh4 c5 51. Kg5 c4 52. h4 c3 53. h5 c2
54. h6 c1=Q+ 55. Kg6 Qxh6+ {White resigns} 0-1

[Event "Team 45 45 League T28"]
[Site "Internet Chess Club"]
[Date "2005.10.01"]
[Round "3"]
[White "Gomer"]
[Black "Dalcon"]
[Result "1-0"]
[WhiteElo "1314"]
[BlackElo "1237"]
[TimeControl "2700+45"]

1. e4 c5 2. Nf3 Nc6 3. Bb5 e6 4. O-O Nf6 5. Nc3 Be7 6. e5 Nd5 7. Nxd5 exd5 8. d4
d6 9. Bxc6+ bxc6 10. Re1 O-O 11. c3 Bd7 12. Bf4 Bg4 13. h3 Bh5 14. Qd3 Bxf3 15.
Qxf3 Qd7 16. Qg3 g6 17. exd6 Bd8 18. Bh6 Re8 19. Re3 Rxe3 20. Qxe3 Qxd6 21. Qe8+
{Black resigns} 1-0

[Event "Team 45 45 League T28"]
[Site "Internet Chess Club"]
[Date "2005.10.01"]
[Round "3"]
[White "GLuft"]
[Black "BosqueVerde"]
[Result "0-1"]
[WhiteElo "1152"]
[BlackElo "1162"]
[TimeControl "2700+45"]

1. e4 e6 2. d4 d5 3. e5 c5 4. Nf3 cxd4 5. Nxd4 Nc6 6. f4 Nh6 7. Bd3 Bd7 8. c3
Bc5 9. Nb5 O-O 10. Qc2 Nf5 11. Bxf5 exf5 12. Qd3 a6 13. Nd6 Qb6 14. Rf1 Bxd6 15.
exd6 Rfe8+ 16. Kd2 Be6 17. Re1 Na5 18. d7 Bxd7 19. Re5 Nc4+ 20. Kc2 Nxe5 21.
fxe5 Rxe5 22. Bf4 Qf2+ 23. Bd2 Rae8 24. Kb3 Bb5 25. c4 dxc4+ 26. Qxc4 Bxc4+
{White resigns} 0-1

[Event "Team 45 45 League T28"]
[Site "Internet Chess Club"]
[Date "2005.10.02"]
[Round "3"]
[White "engeln"]
[Black "Conjurer"]
[Result "1/2-1/2"]
[WhiteElo "1377"]
[BlackElo "1263"]
[TimeControl "2700+45"]

1. d4 d5 2. c4 c6 3. Nf3 Nf6 4. Nc3 Bf5 5. e3 Nbd7 6. Bd3 Ne4 7. cxd5 cxd5 8.
Nxd5 Qa5+ 9. Nc3 Nxc3 10. bxc3 Qxc3+ 11. Bd2 Qxd3 12. Ng5 Nf6 13. Qa4+ Bd7 14.
Qb4 Bc6 15. a4 e6 16. Qb2 Ne4 17. Nxe4 Qxe4 18. f3 Qd3 19. Rd1 Be7 20. Bc1 Qg6
21. a5 a6 22. Qf2 Bb4+ 23. Bd2 Bxd2+ 24. Rxd2 Qb1+ 25. Rd1 Qb4+ 26. Rd2 Ba4 27.
O-O O-O 28. Rb2 Qe7 29. e4 Bb5 30. Re1 Qg5 31. f4 Qe7 32. d5 Rfe8 33. Rd2 exd5
34. Rxd5 Qb4 35. e5 Bc6 36. Rd4 Qc5 37. Red1 Ba4 38. Rxa4 Qxf2+ 39. Kxf2 Re7 40.
Rad4 h6 41. g4 g5 42. Kf3 Kg7 43. Kg3 Rc8 44. R1d3 Rc5 45. Ra4 gxf4+ 46. Kxf4
Rexe5 47. h4 Rxa5 48. Rad4 Re1 49. Rd7 Ra4+ 50. R3d4 Rxd4+ 51. Rxd4 b5 52. Rb4
Kf6 53. Rd4 Rf1+ 54. Ke4 Re1+ 55. Kd5 Re5+ 56. Kc6 Re6+ 57. Kc5 Ke5 58. Rd7 f5
59. gxf5 Kxf5 60. h5 Re5+ 61. Kb4 Kg4 62. Rd6 Rxh5 63. Rxa6 Rf5 64. Rxh6 {Game
drawn by mutual agreement} 1/2-1/2

[Event "Team 45 45 League T28"]
[Site "Internet Chess Club"]
[Date "2005.09.30"]
[Round "3"]
[White "QuaqQuao"]
[Black "cazj"]
[Result "1/2-1/2"]
[WhiteElo "1397"]
[BlackElo "1367"]
[TimeControl "2700+45"]

1. e4 e5 2. Nf3 Nc6 3. Bc4 Bc5 4. c3 d6 5. d4 exd4 6. cxd4 Bb6 7. d5 Ne5 8. Bb5+
c6 9. Be2 Nf6 10. Nxe5 dxe5 11. Nc3 cxd5 12. exd5 O-O 13. O-O Bf5 14. Be3 Bc7
15. Rc1 a6 16. h3 Qd6 17. f4 Rad8 18. fxe5 Qxe5 19. Bf4 Bb6+ 20. Kh1 Qd4 21.
Qxd4 Bxd4 22. Bg5 Rfe8 23. Rxf5 Bxc3 24. Rc2 Bd4 25. g3 Rxd5 26. Bxf6 Rxf5 27.
Bxd4 h6 28. Kg2 Rd5 29. Bb6 Rde5 30. Bf3 R5e6 31. Ba7 g5 32. Rf2 Kg7 33. Bd4+ f6
34. Bxb7 Rd8 35. Bc3 h5 36. a4 Kg6 37. a5 f5 38. Bd2 Rde8 39. Bd5 Rd6 40. Bc4
Re4 41. b3 Red4 42. Bb4 Rc6 43. Rd2 Rxd2+ 44. Bxd2 Rf6 45. Bc3 Rc6 46. Be5 Rc5
47. Bd4 Rxa5 48. Kf3 g4+ 49. hxg4 fxg4+ 50. Ke3 Ra2 51. Bb6 Rg2 52. Bc7 Ra2 53.
Bd8 a5 54. Bh4 a4 55. bxa4 Rxa4 56. Bd3+ Kh6 57. Be4 Ra3+ 58. Kf4 Ra4 59. Bg5+
Kg7 60. Ke5 Ra3 61. Bh4 Ra5+ 62. Kf4 {Game drawn by mutual agreement} 1/2-1/2

[Event "Team 45 45 League T28"]
[Site "Internet Chess Club"]
[Date "2005.09.30"]
[Round "3"]
[White "Midwest-Rook"]
[Black "chessterbaggins"]
[Result "0-1"]
[WhiteElo "1206"]
[BlackElo "1215"]
[TimeControl "2700+45"]

1. e4 e5 2. Bc4 Nf6 3. d3 Bc5 4. Nc3 Nc6 5. h3 Nd4 6. Nf3 c6 7. Nxe5 O-O 8. Nf3
b5 9. Nxd4 Bxd4 10. Ne2 Bc5 11. Bb3 a5 12. a4 d5 13. axb5 cxb5 14. d4 Bb4+ 15.
c3 Be7 16. e5 Ne4 17. Nf4 Bh4 18. Be3 Bb7 19. Qg4 Be7 20. e6 Qb6 21. Nh5 g6 22.
Bh6 Rfe8 23. exf7+ Kxf7 24. Qf4+ Bf6 25. Nxf6 Nxf6+ 26. Kd2 b4 27. c4 Re4 28.
Qf3 Qxd4+ 29. Kc2 dxc4 30. Ba4 b3+ 31. Kc1 Re1+ 32. Rxe1 Bxf3 33. gxf3 Rd8 34.
Be3 Qd3 35. Bxb3 cxb3 {White resigns} 0-1

[Event "Team 45 45 League T28"]
[Site "Internet Chess Club"]
[Date "2005.10.02"]
[Round "3"]
[White "WzeroMN"]
[Black "rpgrossman"]
[Result "0-1"]
[WhiteElo "1150"]
[BlackElo "1022"]
[TimeControl "2700+45"]

1. e4 e5 2. Nf3 Nc6 3. Bb5 a6 4. Ba4 Nf6 5. O-O Nxe4 6. Re1 Nc5 7. Bxc6 dxc6 8.
Nxe5 Be6 9. b4 Nd7 10. Nxd7 Qxd7 11. a3 O-O-O 12. d3 Bg4 13. f3 Qd4+ 14. Kh1
Qxa1 {White resigns} 0-1

[Event "Team 45 45 League T28"]
[Site "Internet Chess Club"]
[Date "2005.09.30"]
[Round "3"]
[White "DTK"]
[Black "gule"]
[Result "1-0"]
[WhiteElo "2015"]
[BlackElo "1912"]
[TimeControl "2700+45"]

1. e4 c5 2. Nf3 d6 3. c3 Nc6 4. d4 cxd4 5. cxd4 e6 6. Nc3 Nf6 7. Bd3 Be7 8. O-O
O-O 9. a3 a6 10. Qc2 h6 11. Be3 Ng4 12. Bd2 Nf6 13. h3 Bd7 14. Be3 b5 15. e5 Nd5
16. Nxd5 exd5 17. Bf5 Rc8 18. Bxd7 Qxd7 19. Qd2 Qf5 20. exd6 Bxd6 21. Rac1 Qd7
22. Bf4 Rfe8 23. Bxd6 Qxd6 24. Rc3 b4 25. axb4 Nxb4 26. Ra1 Qb6 27. Ne5 Rxc3 28.
bxc3 Nc6 29. Nd3 Qb5 30. Qd1 Na5 31. Qa4 Qxa4 32. Rxa4 Nb3 33. Nb4 a5 34. Nxd5
Rd8 35. Ne7+ Kf8 36. Nc6 Rd6 37. Ne5 Ke7 38. Kf1 f6 39. Nc4 Rc6 40. Ke2 Ke6 41.
Kd3 Rc5 42. Kc2 Rb5 43. Ra3 Nxd4+ 44. cxd4 Kd5 45. Kc3 Rb1 46. Rxa5+ Kc6 47.
Rc5+ Kd7 48. Kd2 Rg1 49. Ne3 g6 50. Rc1 {Black resigns} 1-0